 Dungeon Crawl Stone Soup version 0.28-a0-1510-gd0f6b136d3 (webtiles) character file.

Game seed: 757818547835614396

575 flotson the Chopper (level 7, -1/53 HPs)
             Began as a Demonspawn Gladiator on Jan 13, 2022.
             Killed by divine providence
             ... invoked by an orc priest
              (13 damage)
             ... on level 5 of the Dungeon on Jan 14, 2022.
             The game lasted 00:06:58 (5479 turns).

flotson the Chopper (Demonspawn Gladiator)          Turns: 5479, Time: 00:06:59

Health: -1/53      AC:  6    Str: 23    XL:     7   Next: 12%
Magic:  7/7        EV: 13    Int:  9    God:
Gold:   205        SH:  0    Dex: 22    Spells: 6/6 levels left

rFire   . . .      SeeInvis .   t - +9 scythe
rCold   . . .      Faith    .   (shield currently unavailable)
rNeg    . . .      Spirit   .   l - +0 ring mail
rPois   .          Reflect  .   c - +0 helmet
rElec   .          Harm     .   (no cloak)
rCorr   .          Rampage  .   (no gloves)
Will    .....                   (no boots)
Stlth   ++........              (no amulet)
HPRegen 0.17/turn               h - +6 ring of strength
MPRegen 0.10/turn               u - +6 ring of dexterity

@: mighty
A: claws 1, thin skeletal structure 1, powered by pain 2
a: no special abilities


You were on level 5 of the Dungeon.
You visited 1 branch of the dungeon, and saw 5 of its levels.

You collected 205 gold pieces.

Inventory:

Hand Weapons
 a - a +0 war axe
 b - a +0 hunting sling
 t - a +9 scythe (weapon)
Missiles
 f - 98 stones
 o - 5 silver javelins (quivered)
 q - 14 sling bullets
 s - 3 throwing nets
 D - 6 poisoned darts
Armour
 c - a +0 helmet (worn)
 l - a +0 ring mail (worn)
Jewellery
 h - a +6 ring of strength (left claw)
 i - a ring of protection from fire
 m - a ring of ice
 u - a +6 ring of dexterity (right claw)
 x - a ring of poison resistance
Wands
 C - a wand of polymorph (12)
Scrolls
 g - 2 scrolls of noise {unknown}
 j - a scroll of fear {unknown}
 k - 2 scrolls of amnesia {unknown}
 n - 6 scrolls of identify {unknown}
 v - a scroll of immolation {unknown}
 y - a scroll of teleportation {unknown}
 A - a scroll of enchant armour {unknown}
 B - a scroll of fog {unknown}
Potions
 d - 2 potions of degeneration {unknown}
 e - 2 potions of curing {unknown}
 p - a potion of magic {unknown}
 r - a potion of resistance {unknown}
 w - 2 potions of berserk rage {unknown}
 z - a potion of lignification {unknown}


   Skills:
 + Level 3.8 Fighting
 + Level 4.0 Axes
 + Level 3.4 Throwing
 + Level 2.7 Armour
 + Level 4.0 Dodging
 + Level 1.0 Evocations


You had 6 spell levels left.
You didn't know any spells.
Your spell library contained the following spells:

 Spells                   Type           Power      Damage    Failure   Level
 Sting                    Tmut/Pois      0%         1d3       54%         1
 Poisonous Vapours        Pois/Air       0%         N/A       67%         2
 Inner Flame              Hex/Fire       0%         N/A       88%         3
 Summon Guardian Golem    Hex/Summ       0%         N/A       88%         3
 Cause Fear               Hex            0%         N/A       99%         4
 Olgreb's Toxic Radiance  Pois           0%         N/A       99%         4
 Orb of Destruction       Conj           0%         9d5       100%        7
 Spellforged Servitor     Conj/Summ      0%         N/A       100%        7
 Discord                  Hex            0%         N/A       100%        8


Dungeon Overview and Level Annotations

Branches:
Dungeon (5/15)
 Temple: D:4-7

Altars:

Annotations:
D:4 3 runed translucent doors, squill's ghost, novice HOCj


Innate Abilities, Weirdness & Mutations

You have sharp fingernails.
You have a somewhat thin skeletal structure. (Dex +2, Stealth+)
You sometimes gain power by taking damage.


Message History

No target in view!
Found a stone staircase leading down.
Found a stone staircase leading down.
A hound skeleton comes into view.
You reach to attack!
The helpless hound skeleton fails to defend itself.
You hit the hound skeleton.
The hound skeleton is lightly damaged.
The hound skeleton barely misses you.
You slice the hound skeleton!!
You destroy the hound skeleton!
No target in view!
No target in view!
No target in view!
No target in view!
No target in view!
There is a stone staircase leading down here.
f - 98 stones (gained 17)
You now have 193 gold pieces (gained 9).
You now have 205 gold pieces (gained 12).
An ogre comes into view. It is wielding a +0 giant club.
Found 18 stones.
An orc priest comes into view. It is wielding a +0 dagger.
Found a stone staircase leading up.
The orc priest shouts!
The ogre shouts!
You slash the ogre!
The ogre is moderately wounded.
The ogre hits you with a +0 giant club!!
You focus on the pain.
You feel very mighty all of a sudden.
The orc priest calls down the wrath of Beogh upon you.
Pain shoots through your body!
An adder skeleton comes into view.
The ogre misses you.
The orc priest invokes the aid of Beogh against you.
Beogh smites you!
* * * LOW HITPOINT WARNING * * *
The orc priest invokes the aid of Beogh against you.
Beogh smites you!
You die...

#.# #.###.# #.#
#.. ..# #.# # #.#
#.# #.# #.#####.#
#.# .#.....# #.#
<.... #.# #..#
#.########..##.##
#....@.O.o........
##########Z.####.#
#(Z# #.o# #.Z#
#... ##.## .#


You could see an ogre, an orc priest and an adder skeleton.

Vanquished Creatures
  Sigmund (D:3)
  A black bear (D:5)
  A phantom (D:4)
  A howler monkey (D:5)
  A hound (D:5)
  An orc wizard (D:3)
  A hound skeleton (D:5)
  5 adders
  3 worms
  A dart slug (D:2)
  12 orcs
  3 bats (D:2)
  5 endoplasms
  5 giant cockroaches
  5 goblins
  7 hobgoblins
  8 jackals
  7 kobolds
  4 quokkas
  8 ball pythons
  2 frilled lizards
  6 rats
88 creatures vanquished.

Notes
Turn   | Place    | Note
-------+----------+-------------------------------------------
     0 | D:1      | flotson the Demonspawn Gladiator began the quest for the
                  | Orb.
     0 | D:1      | Reached XP level 1. HP: 16/16 MP: 1/1
    54 | D:1      | Gained mutation: You sometimes gain a little power by
                  | taking damage. [demonic ancestry]
    54 | D:1      | Reached XP level 2. HP: 3/22 MP: 2/2
   852 | D:1      | Found a faded altar of an unknown god.
  1165 | D:2      | Gained mutation: You sometimes gain power by taking damage.
                  | [demonic ancestry]
  1165 | D:2      | Reached XP level 3. HP: 27/28 MP: 3/3
  1365 | D:2      | Reached skill level 1 in Armour
  1808 | D:2      | Gained mutation: You have sharp fingernails. [demonic
                  | ancestry]
  1808 | D:2      | Reached XP level 4. HP: 13/34 MP: 4/4
  2636 | D:3      | Noticed Sigmund
  2828 | D:3      | Upgraded the game from 0.28-a0-1506-g3893175d92 to
                  | 0.28-a0-1510-gd0f6b136d3
  3181 | D:3      | Reached XP level 5. HP: 14/40 MP: 5/5
  3569 | D:3      | Killed Sigmund
  3570 | D:3      | Gained mutation: You have a somewhat thin skeletal
                  | structure. (Dex +2, Stealth+) [demonic ancestry]
  3570 | D:3      | Reached XP level 6. HP: 15/47 MP: 6/6
  4026 | D:4      | Found a runed translucent gate.
  4026 | D:4      | Found a runed translucent gate.
  4026 | D:4      | Found a runed translucent gate.
  4034 | D:4      | Noticed squill's ghost (novice HOCj)
  5186 | D:5      | Entered Level 5 of the Dungeon
  5255 | D:5      | Reached XP level 7. HP: 50/53 MP: 7/7
  5276 | D:5      | Reached skill level 1 in Evocations
  5479 | D:5      | Killed from afar by an orc priest

Illustrated notes

Levels and vault maps discovered:
D:1:      amcnicky_arrival_double_pillar, layout_loops_ring,
          chequers_ecumenical_altar_lobes
D:2:      layout_loops_corners, minmay_cut_off
D:3:      layout_basic, uniq_sigmund
D:4:      layout_layer_cave, ebering_ghost_rock_garden
D:5:      layout_loops_ring, gammafunk_temple_overflow_forgotten, st_stairs_7

Skill      XL: |  1  2  3  4  5  6  7 |
---------------+----------------------+-----
Throwing       | 2 3 |  3.4
Axes           | 3 4 |  4.0
Dodging        | 3 4 |  4.0
Armour         | 1 2 |  2.7
Fighting       | 3 |  3.8
Evocations     | 1 |  1.0

Action                   |  1- 3 |  4- 6 |  7- 9 || total
-------------------------+-------+-------+-------++-------
Melee: War axe           |    36 |    16 |       ||    52
       Scythe            |       |    34 |     5 ||    39
 Fire: Hunting sling     |    79 |    90 |       ||   169
Throw: Javelin           |       |     6 |       ||     6
       Throwing net      |       |     3 |       ||     3
 Stab: Sleeping          |       |     6 |     2 ||     8
Armor: Leather armour    |    24 |       |       ||    24
       Ring mail         |     2 |    22 |       ||    24
Dodge: Dodged            |    56 |    52 |     4 ||   112

Table legend: (Time is in decaauts)
 A = Elapsed time spent in this place.
 B = Non-inter-level travel time spent in this place.
 C = Inter-level travel time spent in this place.
 D = Time resting spent in this place.
 E = Time spent auto-exploring this place.
 F = Levels seen in this place.
 G = Mean time per level.
                   A        B        C        D        E       F      G
               +--------+--------+--------+--------+--------+-----+--------+
         Total |   5550 |   5387 |    163 |    172 |   4506 |   5 | 1110.0 |
       Dungeon |   5550 |   5387 |    163 |    172 |   4506 |   5 | 1110.0 |
               +--------+--------+--------+--------+--------+-----+--------+

Top non-repeatable levels by time:
     D:2: 1523 daAuts
     D:4: 1327 daAuts
     D:3: 1287 daAuts
     D:1: 1107 daAuts
     D:5: 305 daAuts
